 Dungeon Crawl Stone Soup version 0.18-a0-1372-gd644665 (webtiles) character file.

33 WhatsThis the Ruffian (level 3, -1/31 HPs)
             Began as a Ghoul Monk on Feb 21, 2016.
             Slain by a gnoll
             ... wielding a +2 halberd of freezing
              (3 damage)
             ... on level 2 of the Dungeon.
             The game lasted 00:19:31 (1160 turns).

WhatsThis the Ruffian (Ghoul Monk)                  Turns: 1160, Time: 00:19:31

Health: -1/31      AC:  2    Str: 15    XL:     3   Next: 29%
Magic:  2/2        EV: 18    Int:  5    God:
Gold:   75         SH:  0    Dex: 16    Spells: 0 memorised, 2 levels left

rFire  . . .     SeeInvis .     g - +0 dagger
rCold  + . .     Gourm    .     a - +0 robe
rNeg   + + +     Faith    .     (no shield)
rPois  ∞         Spirit   .     (no helmet)
rElec  .         Dismiss  .     (no cloak)
rCorr  .         Reflect  .     (no gloves)
SustAt .         Harm     .     (no boots)
MR     .....                    (no amulet)
Stlth  +++.......               (no ring)
                                (no ring)

@: agile, rotting, not resistant to hostile enchantments, fairly stealthy
A: rotting body, claws 1, carnivore 3, cold resistance 1, negative energy
resistance 3, slow regeneration 1, torment resistance, unbreathing
a: no special abilities


You were on level 2 of the Dungeon.
You were not hungry.

You visited 1 branch of the dungeon, and saw 2 of its levels.

You collected 75 gold pieces.

Inventory:

Hand Weapons
 c - a +0 mace
 f - a +0 short sword
 g - a +0 dagger (weapon)
 h - a +0 club
 l - a +0 whip
 o - a +0 club
 u - a +0 hand axe
 w - a cursed -1 club
 A - a +0 club
 C - a cursed +0 club
Missiles
 e - 15 stones (quivered)
 n - 11 sling bullets
 q - 13 bolts
 y - 13 poisoned needles
Armour
 a - a +0 robe (worn)
 p - a +0 pair of boots
 r - a cursed +0 chain mail
Jewellery
 d - a +1 ring of protection {unknown}
Scrolls
 s - a scroll of fear
 v - a scroll of enchant armour {unknown}
 x - a scroll of immolation {unknown}
 B - a scroll of recharging {unknown}
Potions
 i - a potion of agility
 j - a potion of lignification {unknown}
 k - a potion of ambrosia {unknown}
 m - a potion of mutation {unknown}
Comestibles
 b - 2 meat rations
 z - 10 chunks of flesh


   Skills:
 + Level 3.4 Fighting
 + Level 0.5 Maces & Flails
 + Level 3.0 Dodging
 + Level 2.4 Stealth
 + Level 4.9 Unarmed Combat


You had 2 spell levels left.
You didn't know any spells.

Dungeon Overview and Level Annotations

Branches:
Dungeon (2/15)

Altars:


Innate Abilities, Weirdness & Mutations

Your body is rotting away.
You thrive on raw meat.
You are immune to poison.
You have sharp fingernails.
You are carnivorous and can eat meat at any time.
Your flesh is cold resistant.
You are immune to negative energy.
You regenerate slowly when monsters are visible.
You are immune to unholy pain and torment.
You can survive without breathing.


Message History

A gnoll comes into view. It is wielding a flail.
The gnoll shouts! 2 gnolls come into view.
The gnoll shouts!
Found a scroll labeled FAIWIFEOFY.
The gnoll shouts!
Found a lumpy coppery potion.
Throwing (i - inventory):
e - 16 stones (quivered)
Press: ? - help, Shift-Dir - straight line, f - gnoll
Aim: a gnoll, wielding a halberd of freezing You throw a stone.
The stone hits the gnoll but does no damage.
The gnoll hits you from afar with a halberd of freezing!
The gnoll freezes you.
It was a potion of agility.
You feel agile all of a sudden.
The gnoll hits you from afar with a halberd of freezing!
* * * LOW HITPOINT WARNING * * *
The gnoll freezes you.
You die...

#.........#..#...#..........
#...###..g#..#...#..........
#.. #...##g#...#÷#....####
..?.# #...##.....#.#.......
......#g..##.....#.#........
..g.......##.....#.#........
.........###.......#.#######
.........#####g.####.#
gg...?...#.@.g.>.....#
.........#.####.######
######...#. .# #####! .# #.
.# #. .# ## ##


You could see 2 gnolls.

Vanquished Creatures
  An ooze (D:1)
  3 giant cockroaches (D:1)
  5 hobgoblins (D:1)
  2 jackals (D:1)
  3 kobolds (D:1)
  6 bats
  A giant newt (D:1)
  3 goblins
  2 rats (D:1)
26 creatures vanquished.

Notes
Turn   | Place    | Note
--------------------------------------------------------------
     0 | D:1      | WhatsThis the Ghoul Monk began the quest for the Orb.
     0 | D:1      | Reached XP level 1. HP: 19/19 MP: 0/0
    73 | D:1      | Reached XP level 2. HP: 23/26 MP: 1/1
   979 | D:1      | Reached XP level 3. HP: 28/30 MP: 2/2
  1160 | D:2      | Slain by a gnoll

Vault maps used:
D:1:      dpeg_arrival_rooms_with_view, roderic_lattice_a
D:2:      yredelemnul_forgotten_temple_becter, first_bread

Action                   || total
-------------------------++-------
Melee: Unarmed           ||     9
       Mace              ||    63
       Dagger            ||    28
Throw: Stone             ||     5
  Use: Scroll            ||     3
       Potion            ||     1
 Stab: Sleeping          ||     5
  Eat: Chunk             ||     8
